 Dungeon Crawl Stone Soup version 0.23.2-40-g277498a001 (webtiles) character file.

Game seed: 8898992801962303600

9650 Exodus22XD the Cleaver (level 11, -2/97 HPs)
             Began as a Minotaur Fighter on Sept 6, 2019.
             Was a Follower of Ru.
             Slain by a spiny frog (17 damage)
             ... on level 2 of the Lair of Beasts.
             The game lasted 00:17:50 (10293 turns).

Exodus22XD the Cleaver (Minotaur Fighter)          Turns: 10293, Time: 00:17:50

Health: -2/97      AC:  8    Str: 23    XL:     11   Next: 25%
Magic:  10/10      EV:  9    Int:  7    God:    Ru [*.....]
Gold:   536        SH: 17    Dex: 11    Spells: 10/10 levels left

rFire    x . .     SeeInvis .   y - +0 broad axe
rCold    + . .     Gourm    .   c - +0 shield
rNeg     . . .     Faith    .   b - +0 scale mail
rPois    .         Spirit   .   (helmet restricted)
rElec    .         Reflect  +   (no cloak)
rCorr    .         Harm     .   (no gloves)
MR       .....                  (no boots)
Stlth    ..........             h - +5 amulet of reflection (curse)
HPRegen  0.26/turn              j - ring of ice
MPRegen  0.12/turn              B - +2 ring of intelligence

@: about to teleport, studying Staves
A: retaliatory headbutt, horns 2, inability to train dodging
a: Sacrifice Resistance, Sacrifice Skill, Sacrifice Health, Reject Sacrifices,
Renounce Religion


You were on level 2 of the Lair of Beasts.
You worshipped Ru.
Ru was aware of your devotion.
You were not hungry.

You visited 2 branches of the dungeon, and saw 10 of its levels.
You also visited: Ossuary.

You collected 652 gold pieces.
You spent 116 gold pieces at shops.

Inventory:

Hand Weapons
 y - a +0 broad axe (weapon)
Armour
 b - a +0 scale mail (worn)
 c - a +0 shield (worn)
Jewellery
 h - a cursed +5 amulet of reflection (around neck)
 j - a ring of ice (left hand)
 n - an uncursed amulet of the acrobat {unknown}
 B - a +2 ring of intelligence (right hand)
Wands
 s - a wand of scattershot (4)
 v - a wand of digging (11)
 E - a wand of acid (10)
 F - a wand of flame (14)
Scrolls
 a - 5 scrolls of identify
 e - 4 scrolls of remove curse
 i - 3 scrolls of teleportation
 o - 2 scrolls of amnesia
 r - 2 scrolls of magic mapping
 t - 5 scrolls of fog
 w - a scroll of holy word
 x - a scroll of immolation
 A - a scroll of blinking {unknown}
 G - a scroll of enchant armour {unknown}
Potions
 d - a potion of might
 g - 2 potions of resistance
 k - 2 potions of curing
 l - 2 potions of brilliance
 m - a potion of agility
 p - a potion of heal wounds {unknown}
 q - 2 potions of ambrosia
 u - 2 potions of haste
 z - 2 potions of flight
 C - 2 potions of lignification
 H - a potion of berserk rage {unknown}
Books
 D - a manual of Staves
Comestibles
 f - 19 rations
 I - 4 chunks of flesh


   Skills:
 + Level 9.1 Fighting
 + Level 13.5 Axes
 + Level 9.7 Armour
 - Level 0.4 Stealth
 + Level 10.2 Shields


You had 10 spell levels left.
You didn't know any spells.
Your spell library contained the following spells:

 Spells                   Type           Power        Failure   Level  Hunger
 Corona                   Hex            #......      88%         1    ##.....
 Poisonous Vapours        Pois/Air       #.....       95%         2    ###....
 Slow                     Hex            #.......     95%         2    ###....
 Conjure Flame            Conj/Fire      #.......     99%         3    ####...
 Inner Flame              Hex/Fire       #.......     99%         3    ####...
 Mephitic Cloud           Conj/Pois/Air  #.......     99%         3    ####...
 Portal Projectile        Hex/Tloc       #.....       99%         3    ####...
 Cause Fear               Hex            #.........   100%        4    #####..
 Leda's Liquefaction      Hex/Erth       #.........   100%        4    #####..
 Freezing Cloud           Conj/Ice/Air   #.........   100%        6    #######
 Ring of Flames           Chrm/Fire      #.........   100%        7    #######


Dungeon Overview and Level Annotations

Branches:
Dungeon (8/15)             Temple (0/1) D:6            Lair (2/6) D:8
  Swamp: Lair:2-4    Shoals: Lair:2-4     Snake: Lair:2-4    Spider: Lair:2-4

Altars:
Ashenzari
Cheibriados
Dithmenos
Kikubaaqudgha
Makhleb
Qazlal
Ru
Xom

Shops:
D:6 ([}

Annotations:
D:6 3 runed translucent doors, Toxa551's ghost, novice TrMo


Innate Abilities, Weirdness & Mutations

You reflexively headbutt those who attack you in melee.
You have a pair of horns on your head.
You cannot train Dodging skill.


Message History

You headbutt the dream sheep, but do no damage.
The dream sheep is severely wounded.
You slash the spiny frog! You slash the dream sheep!
The dream sheep are wreathed in dream dust.
You feel drowsy...
You fall asleep.
The spiny frog misses you. The dream sheep barely misses you.
The spiny frog barely misses you. The dream sheep bites you!
You wake up.
* * * LOW HITPOINT WARNING * * *
You slash the dream sheep!
You kill the dream sheep!
You hit the dream sheep. You slash the spiny frog! The spiny frog stings you!
* * * LOW HITPOINT WARNING * * *
A merfolk siren comes into view. It is wielding a +0 spear.
The dream sheep closely misses you. You furiously retaliate!
You headbutt the dream sheep.
As you read the scroll of teleportation, it crumbles to dust.
You feel strangely unstable.
The merfolk siren shouts!
The spiny frog stings you!
You die...

.. m. #. P. #
# #. ## ##.
#### #. .#
#... ##.##
#...#
#...##.⌠.#
##.#.#
#........[
#.FY.##
#.##⌠.<..
#.Y@..# #.....
##Y..##
##..⌠.#
#....##
#....###
##....##
#.#..##
##....###....#
##....#.#.#.
##.......##
#.......#
##P....####


You could see a merfolk siren, a spiny frog and 3 dream sheep.

Vanquished Creatures
  An unseen horror (D:8)
  2 spiny frogs (Lair:1)
  A komodo dragon (Lair:1)
  A hippogriff (Lair:1)
  A dream sheep (Lair:2)
  A wyvern (Lair:1)
  A wraith (D:7)
  3 yaks (Lair:2)
  5 porcupines
  5 water moccasins
  3 orc warriors
  A black bear (D:8)
  3 phantoms
  5 ogres
  A necrophage (D:6)
  3 centaurs
  28 wolves
  4 crocodiles
  8 bullfrogs
  2 wyvern skeletons
  6 scorpions
  5 killer bees (D:7)
  3 wights (D:6)
  4 crimson imps
  A howler monkey (D:4)
  2 jellies
  A quasit (D:8)
  A bullfrog zombie (D:7)
  2 hounds
  5 orc wizards
  An orc priest (D:3)
  A bullfrog skeleton (D:5)
  Jessica (D:2)
  2 iguanas (D:5)
  4 worker ants
  3 big kobold zombies (Ossuary)
  3 mummies (Ossuary)
  2 howler monkey zombies
  Robin (D:2)
  7 adders
  An ooze (D:5)
  5 adder zombies
  An adder skeleton (D:8)
  A worm (D:2)
  4 dart slugs
  2 leopard geckos (D:8)
  19 orcs
  8 giant cockroaches
  14 goblins
  12 hobgoblins
  4 jackals (D:8)
  6 kobolds
  4 quokkas
  A ball python (D:3)
  8 bats
  5 frilled lizards
  3 goblin zombies (Ossuary)
  4 jackal zombies (Ossuary)
  10 kobold zombies (Ossuary)
  2 leopard gecko skeletons
  An orc zombie (Ossuary)
  4 quokka zombies
  7 rats
  5 rat zombies
  3 fungi
  A plant (D:8)
269 creatures vanquished.

Vanquished Creatures (others)
  2 fungi
  2 plants (D:6)
4 creatures vanquished.

Grand Total: 273 creatures vanquished

Notes
Turn   | Place    | Note
-------+----------+-------------------------------------------
     0 | D:1      | Exodus22XD the Minotaur Fighter began the quest for the
                  | Orb.
     0 | D:1      | Reached XP level 1. HP: 19/19 MP: 0/0
   235 | D:1      | Reached XP level 2. HP: 27/27 MP: 1/1
   529 | D:1      | Reached XP level 3. HP: 30/34 MP: 2/2
   645 | D:1      | Reached skill level 3 in Axes
   837 | D:2      | Noticed Robin
   849 | D:2      | Killed Robin
   918 | D:2      | Found a faded altar of an unknown god.
   977 | D:2      | Reached XP level 4. HP: 39/41 MP: 3/3
  1042 | D:2      | You fall through a shaft!
  1174 | D:2      | Noticed Jessica
  1183 | D:2      | Killed Jessica
  1183 | D:2      | Reached skill level 4 in Axes
  1551 | D:3      | Found a shattered altar of Ashenzari.
  1648 | D:3      | Reached XP level 5. HP: 47/47 MP: 4/4
  1705 | D:3      | Reached skill level 1 in Dodging
  1801 | D:3      | Reached skill level 5 in Axes
  2643 | D:4      | Reached XP level 6. HP: 55/55 MP: 5/5
  3131 | D:4      | Found an ancient bone altar of Kikubaaqudgha.
  3131 | D:4      | Noticed a human
  3177 | D:5      | Entered Level 5 of the Dungeon
  3192 | D:5      | Reached skill level 5 in Fighting
  3232 | D:5      | Reached skill level 5 in Armour
  3305 | D:5      | Noticed an orc warrior
  3311 | D:5      | Killed an orc warrior
  3311 | D:5      | Reached skill level 6 in Axes
  3311 | D:5      | Reached XP level 7. HP: 13/61 MP: 6/6
  3317 | D:5      | Reached skill level 5 in Shields
  3812 | D:5      | Reached skill level 7 in Axes
  4068 | D:6      | Found a sacrificial altar of Ru.
  4083 | D:6      | Became a worshipper of Ru the Awakened
  4105 | D:6      | Reached XP level 8. HP: 66/70 MP: 7/7
  4161 | D:6      | Found Ulam's Armour Shop.
  4194 | D:6      | HP: 3/70 [poisoned by an orc wizard]
  4199 | D:6      | HP: 2/70 [poisoned by an orc wizard]
  4206 | D:6      | HP: 2/70 [poisoned by an orc wizard]
  4214 | D:6      | HP: 1/70 [poisoned by an orc wizard]
  4525 | D:6      | Found a sand-covered staircase.
  4533 | Ossuary  | Entered an ossuary
  4649 | Ossuary  | Reached skill level 8 in Axes
  4791 | D:6      | Found Plog's Antique Weapon Emporium.
  4800 | D:6      | Bought a broad axe for 116 gold pieces
  4904 | D:6      | Reached skill level 9 in Axes
  5431 | D:6      | Found a staircase to the Ecumenical Temple.
  5465 | D:6      | Found Opile's Gadget Boutique.
  5741 | D:6      | Found a runed translucent gate.
  5741 | D:6      | Found a runed translucent gate.
  5741 | D:6      | Found a runed translucent gate.
  5741 | D:6      | Identified the +9 short sword "Caj Tod" {venom, +Rage}
  5741 | D:6      | Noticed Toxa551's ghost (novice TrMo)
  5742 | D:6      | Noticed a kobold demonologist
  5904 | D:7      | Found Imeich's Jewellery Shop.
  5936 | D:7      | Reached XP level 9. HP: 77/77 MP: 8/8
  6616 | D:7      | Reached skill level 10 in Axes
  6904 | D:8      | Found a shattered altar of Ashenzari.
  6904 | D:8      | Found a snail-covered altar of Cheibriados.
  6926 | D:8      | Found a burning altar of Makhleb.
  6940 | D:8      | Gained mutation: You cannot train Dodging skill. [Ru
                  | sacrifice]
  6940 | D:8      | Reached * piety under Ru
  6951 | D:8      | Found a shadowy altar of Dithmenos.
  6953 | D:8      | Found a shimmering altar of Xom.
  6953 | D:8      | Found a stormy altar of Qazlal.
  7201 | D:8      | Reached skill level 11 in Axes
  7530 | D:8      | Found a staircase to the Lair.
  7547 | D:8      | Got a translucent ring mail
  7558 | D:8      | Identified the +2 ring mail "Bianled" {+Blink Regen+ Str-3
                  | Stlth+} (You found it on level 8 of the Dungeon)
  7631 | D:8      | Reached XP level 10. HP: 46/85 MP: 9/9
  7877 | D:8      | Killed an unseen horror
  8073 | Lair:1   | Entered Level 1 of the Lair of Beasts
  8082 | Lair:1   | Reached skill level 12 in Axes
  8508 | Lair:1   | Noticed a spiny frog
  8945 | Lair:1   | Killed a spiny frog
  9237 | Lair:1   | Noticed a spiny frog
  9248 | Lair:1   | Killed a spiny frog
  9248 | Lair:1   | Reached skill level 13 in Axes
  9499 | Lair:2   | Reached XP level 11. HP: 12/95 MP: 10/10
  9504 | Lair:2   | HP: 1/95 [wolf (4)]
  9509 | Lair:2   | HP: 6/142 [wolf (1)]
 10136 | Lair:2   | Reached skill level 10 in Shields
 10293 | Lair:2   | Slain by a spiny frog

Skill      XL: |  1  2  3  4  5  6  7  8  9 10 11 |
---------------+----------------------------------+-----
Fighting       | 4 5 6 7 8 9 |  9.1
Axes           | 3 4 5 6 7 9 11 13 | 13.5
Shields        | 4 5 6 7 9 10 | 10.2
Armour         | 4 5 6 7 8 9 |  9.7
Dodging        | 1 2 0 |  0.0
Stealth        | |  0.4

Action                   |  1- 3 |  4- 6 |  7- 9 | 10-12 || total
-------------------------+-------+-------+-------+-------++-------
Melee: War axe           |    78 |   147 |   138 |       ||   363
       Headbutt          |    13 |    14 |    64 |    34 ||   125
       Broad axe         |       |       |   199 |   209 ||   408
Invok: Sacrifice Nimblen |       |       |     1 |       ||     1
  Use: Scroll            |       |       |    16 |     2 ||    18
       Potion            |       |       |       |     3 ||     3
 Stab: Distracted        |     1 |       |       |       ||     1
  Eat: Chunk             |       |     8 |     7 |     9 ||    24
       Ration            |       |       |     2 |       ||     2
Armor: Scale mail        |    49 |    40 |    98 |    56 ||   243
       Skin              |       |       |       |     3 ||     3
Dodge: Dodged            |    28 |    38 |   100 |    70 ||   236
Block: Shield            |    43 |    73 |   180 |   244 ||   540
